 Dungeon Crawl Stone Soup version 0.23.0-3-gf3c87f2df8 (webtiles) character file.

Game seed: 13962567065334216696

113262 Murks the Brawler (level 16, -3/162 HPs)
             Began as a Troll Monk on Feb 24, 2019.
             Was a High Priest of Ru.
             Slain by a merfolk impaler
             ... wielding a +1 trident of venom
              (13 damage)
             ... on level 3 of the Shoals.
             The game lasted 01:49:54 (25824 turns).

Murks the Brawler (Troll Monk)                     Turns: 25824, Time: 01:49:55

Health: -3/162     AC: 16    Str: 23    XL:     16   Next: 13%
Magic:  16/16      EV: 14    Int:  9    God:    Ru [*****.]
Gold:   2061       SH: 13    Dex: 17    Spells: 15/15 levels left

rFire    + . .     SeeInvis .     - Unarmed
rCold    + + .     Gourm    +   r - +1 shield {rC+}
rNeg     + . .     Faith    .   N - +1 fire dragon scales
rPois    .         Spirit   .   h - +1 hat {Int+3}
rElec    .         Reflect  .   f - +0 cloak
rCorr    .         Harm     .   (gloves unavailable)
MR       +....                  (boots unavailable)
Stlth    ..........             U - macabre finger necklace {rN+}
HPRegen  0.77/turn              v - ring of ice
MPRegen  0.15/turn              X - ring of protection from cold
                                i - +5 ring of evasion

@: exhausted, very slightly contaminated, hasted, drained, invisible, very quick
A: large, unfitting armour, claws 3, fast metabolism 3, gourmand, regeneration
1, shaggy fur 1, tough skin 3, hated by all, no conjurations magic, no
necromancy magic, no poison magic, disrupted magic 1, inexperienced 1
a: Draw Out Power, Power Leap, Apocalypse, Renounce Religion


You were on level 3 of the Shoals.
You worshipped Ru.
Ru was extremely pleased with you.
You were very full.

You visited 5 branches of the dungeon, and saw 27 of its levels.
You also visited: Bailey.

You collected 3415 gold pieces.
You spent 1354 gold pieces at shops.

Inventory:

Missiles
 q - 16 javelins of returning
 F - a throwing net
 W - 16 large rocks (quivered)
Armour
 c - a +0 large shield
 f - a +0 cloak (worn)
 h - a +1 hat of intelligence (worn)
 r - a +1 shield of cold resistance (worn)
 N - +1 fire dragon scales (worn)
Jewellery
 a - a +3 ring of evasion
 i - a +5 ring of evasion (on amulet)
 v - a ring of ice (left claw)
 x - a +3 ring of evasion
 J - an uncursed ring of see invisible
 O - an uncursed ring of positive energy
 U - the macabre finger necklace (around neck) {rN+}
   (You found it on level 4 of the Lair of Beasts)

   [amulet of nothing]

   It protects you from negative energy.
 X - a ring of protection from cold (right claw)
Wands
 d - a wand of iceblast (12)
 o - a wand of disintegration (16)
 t - a wand of flame (27)
 E - a wand of polymorph (11)
 I - a wand of clouds (1)
 M - a wand of paralysis (9)
 T - a wand of acid (12)
 Y - a wand of digging (7)
Scrolls
 k - a scroll of fog
 m - 14 scrolls of teleportation
 n - 9 scrolls of remove curse
 p - 2 scrolls of magic mapping
 s - 2 scrolls of brand weapon
 w - 2 scrolls of identify
 y - a scroll of immolation
 z - 2 scrolls of vulnerability
 C - a scroll of enchant armour
 D - a scroll of amnesia
 G - a scroll of fear
 P - a scroll of holy word
 R - 3 scrolls of enchant weapon
 V - 3 scrolls of blinking
Potions
 e - 7 potions of curing
 g - 5 potions of brilliance
 j - 5 potions of flight
 l - 4 potions of ambrosia
 u - 3 potions of magic
 A - a potion of cancellation
 K - a potion of invisibility
 L - 6 potions of lignification
 Q - 2 potions of mutation
 S - 2 potions of heal wounds
Miscellaneous
 H - a lamp of fire
Comestibles
 b - 50 rations


   Skills:
 * Level 11.2(10.0) Fighting
 - Level 4.0(3.0) Armour
 - Level 4.0(3.0) Dodging
 - Level 1.0(0.1) Stealth
 * Level 11.7(10.5) Shields
 - Level 20.3(18.9) Unarmed Combat
 + Level 2.4(1.5) Evocations


You had 15 spell levels left.
You didn't know any spells.
Your spell library contained the following spells:

 Spells                   Type           Power        Failure   Level  Hunger
 Freeze                   Ice            #...         83%         1    ##.....
 Blink                    Tloc           N/A          92%         2    ###....
 Slow                     Hex            #.......     92%         2    ###....
 Ozocubu's Armour         Chrm/Ice       #.......     99%         3    ####...
 Hydra Form               Tmut           #.........   100%        6    #######
 Statue Form              Tmut/Erth      #........    100%        6    #######
 Dragon Form              Tmut           #.........   100%        7    #######
 Ring of Flames           Chrm/Fire      #.........   100%        7    #######
 Animate Skeleton         Necr           Unusable     N/A         1    N/A
 Magic Dart               Conj           Unusable     N/A         1    N/A
 Pain                     Necr           Unusable     N/A         1    N/A
 Call Imp                 Summ           Unusable     N/A         2    N/A
 Poisonous Vapours        Pois/Air       Unusable     N/A         2    N/A
 Throw Frost              Conj/Ice       Unusable     N/A         2    N/A
 Conjure Flame            Conj/Fire      Unusable     N/A         3    N/A
 Mephitic Cloud           Conj/Pois/Air  Unusable     N/A         3    N/A
 Regeneration             Chrm/Necr      Unusable     N/A         3    N/A
 Vampiric Draining        Necr           Unusable     N/A         3    N/A
 Animate Dead             Necr           Unusable     N/A         4    N/A
 Summon Ice Beast         Ice/Summ       Unusable     N/A         4    N/A
 Throw Icicle             Conj/Ice       Unusable     N/A         4    N/A
 Irradiate                Conj/Tmut      Unusable     N/A         5    N/A
 Freezing Cloud           Conj/Ice/Air   Unusable     N/A         6    N/A

Dungeon Overview and Level Annotations

Branches:
Dungeon (15/15)            Temple (1/1) D:4            Lair (6/6) D:8
 Shoals (3/4) Lair:2       Spider (0/4) Lair:3        Slime (0/5) Lair:6
    Orc (2/2) D:10            Elf (0/3) Orc:2        Vaults (0/5) D:14
 Depths (0/5) D:15

Altars:
Ashenzari
Cheibriados
Dithmenos
Elyvilon
Fedhas
Gozag
Hepliaklqana
Kikubaaqudgha
Makhleb
Nemelex Xobeh
Okawaru
Qazlal
Ru
Sif Muna
Trog
Uskayaw
Vehumet
Wu Jian
Xom
Yredelemnul
Zin
The Shining One
Beogh

Shops:
D:13 %[   Orc:2 %*=

Annotations:
Lair:1 exclusion: oklob plant


Innate Abilities, Weirdness & Mutations

You are too large for most types of armour.
You have claws for hands.
Your metabolism is lightning-fast.
You like to eat raw meat.
Your natural rate of healing is unusually fast.
You are covered in fur. (AC +1)
You have extremely tough skin. (AC +3)
You are hated by all.
You cannot study or cast Conjurations magic.
You cannot study or cast Necromancy magic.
You cannot study or cast Poison magic.
Your casting is slightly disrupted.
You are somewhat inexperienced. (-2 XL)


Message History

The merfolk hits you from afar with a +0 trident.
* * * LOW HITPOINT WARNING * * *
You are very lightly contaminated with residual magic.
You feel better.
The harpy is stunned by your will and fails to attack.
You block the water nymph's attack. You block the merfolk's attack.
The merfolk impaler hits you with a +1 trident of venom!
* * * LOW HITPOINT WARNING * * *
You block the water elemental's attack.
You claw the water nymph!
The water nymph is moderately wounded.
The harpy claws you!
* * * LOW HITPOINT WARNING * * *
The harpy claws you but does no damage. You block the merfolk's attack.
You closely miss the water nymph.
The water nymph is moderately wounded.
The harpy screeches!
The harpy is no longer blind.
You block the harpy's attack. x2
The merfolk impaler hits you with a +1 trident of venom!
You die...

≈≈≈≈≈..........≈§§........
≈≈≈≈≈#†........§§§........
≈≈≈≈P≈..$......§≈§........
≈≈≈≈≈≈≈≈≈≈....#...#.......
P≈≈≈≈≈≈≈≈≈............)...
≈≈≈≈≈≈≈≈≈≈........).......
≈≈≈≈≈≈≈≈≈≈....)...÷.......
≈≈≈≈≈≈≈≈≈≈..m.mm()((≈≈≈≈≈≈
≈≈≈≈≈≈≈≈≈≈≈≈≈@E.)(<≈≈≈≈≈≈≈
≈≈≈≈≈≈≈≈≈≈≈≈Hm(.(≈≈÷(≈≈≈≈≈
≈≈≈≈≈≈≈≈HH≈≈≈≈≈≈≈≈≈≈≈≈
≈≈≈≈≈≈≈≈≈≈≈≈≈≈≈≈≈≈≈≈≈
..≈P≈≈≈≈≈≈≈≈≈..≈≈...
##PP≈≈≈≈≈.≈≈≈≈≈≈..##
#.P≈≈≈≈....#.≈≈.##
##.≈≈≈≈≈≈.##....#
.P≈≈≈≈≈≈.# ..


You could see a merfolk impaler, 2 merfolk, a water elemental, a water nymph and
3 harpies.

Vanquished Creatures
  Rupert (Orc:2)
  Agnes (D:15)
  Kirke (Shoals:3)
  An orc warlord (Orc:1)
  The ghost of harness the Gelid, a journeyman DEIE of Vehumet (Shoals:2)
  Snorg (Lair:6)
  3 merfolk impalers (Shoals:2)
  3 merfolk javelineers
  2 fire dragons (Lair:6)
  Josephine (D:15)
  Harold (D:7)
  Fannar (Lair:2)
  6 hydras
  An anaconda (Lair:6)
  3 centaur warriors
  A merfolk aquamancer (Shoals:1)
  A merfolk avatar (Shoals:1)
  4 two-headed ogres
  2 death yaks (Lair:5)
  A tengu warrior (D:15)
  A vampire mage (D:15)
  5 orc high priests
  Nergalle (Lair:3)
  7 skeletal warriors
  A swamp dragon (Lair:6)
  4 sea snakes
  2 unseen horrors (D:13)
  Pikel (D:6)
  3 deep elf magi
  4 orc knights
  3 harpies (Shoals:2)
  5 cyclopes
  2 orc sorcerers
  10 ugly things
  6 manticores
  6 fauns
  2 necromancers
  4 elephants (Lair:5)
  2 moths of wrath (Shoals:2)
  Joseph (D:8)
  A water nymph (Shoals:2)
  6 merfolk sirens
  6 black mambas
  12 spiny frogs
  An elf zombie (D:15)
  A spriggan zombie (D:15)
  13 rime drakes
  15 komodo dragons
  2 kobold demonologists
  A queen bee (Lair:5)
  3 meliai (Lair:5)
  10 merfolk
  5 harpy zombies (Shoals:1)
  2 polar bears (Lair:6)
  An ice dragon zombie (D:15)
  5 jumping spiders (Lair:3)
  12 trolls
  9 wind drakes
  2 hornets
  A meliai zombie (D:14)
  15 blink frogs
  2 dream sheep (Shoals:1)
  7 hippogriffs
  3 snapping turtles
  3 redbacks (Lair:3)
  An ettin zombie (D:15)
  28 yaks
  5 wraiths
  2 wyverns
  Sigmund (D:5)
  10 water elementals
  A spriggan (D:7)
  3 hogs (Shoals:3)
  8 steam dragons (Lair:6)
  Eustachio (D:6)
  3 basilisks
  2 hungry ghosts
  A harpy simulacrum (D:15)
  Menkaure (D:6)
  5 wargs
  2 acid dragons (Lair:6)
  10 porcupines
  9 water moccasins
  33 orc warriors
  A swamp drake (Lair:6)
  3 ice beasts
  7 sky beasts
  A slave (D:6)
  3 phantoms
  A black bear (D:12)
  An eye of draining (D:11)
  16 ogres
  8 wolves
  8 centaurs
  11 crocodiles
  2 big kobolds
  A hippogriff zombie (Shoals:1)
  Blork the orc (D:6)
  23 bullfrogs
  A hornet simulacrum (D:15)
  8 scorpions
  44 killer bees
  2 electric eels
  2 howler monkeys
  14 wights
  8 crimson imps
  2 centaur zombies
  A bullfrog zombie (D:8)
  4 hounds
  A quasit (D:10)
  A wyvern simulacrum (D:14)
  3 jellies
  29 orc priests
  7 bullfrog skeletons
  3 centaur skeletons
  2 gnoll shamans
  An iron imp (D:9)
  36 orc wizards
  Terence (D:2)
  10 iguanas
  Natasha (thrice) (D:4)
  10 worker ants
  A hound zombie (D:7)
  A hound skeleton (D:11)
  3 worker ant zombies
  17 gnolls
  11 adders
  3 shadow imps
  3 oozes
  2 adder skeletons
  An adder zombie (D:6)
  3 worms
  5 dart slugs
  7 leopard geckos
  117 orcs
  3 ball pythons
  4 bats
  A bat zombie (Shoals:1)
  5 giant cockroaches
  14 goblins
  12 hobgoblins
  13 jackals
  8 quokkas
  3 frilled lizards
  A goblin skeleton (D:9)
  A goblin zombie (D:9)
  A hobgoblin zombie (D:9)
  29 kobolds
  A kobold skeleton (D:9)
  2 kobold zombies (D:9)
  A leopard gecko skeleton (D:4)
  A leopard gecko zombie (D:6)
  3 orc skeletons (D:9)
  An orc zombie (D:9)
  2 quokka skeletons
  3 rats
  2 fungi
  2 plants
937 creatures vanquished.

Vanquished Creatures (others)
  2 harpies
  A rime drake (Lair:6)
  A water elemental (Shoals:3)
  A killer bee (Lair:5)
  2 orcs (Orc:1)
  A fungus (Lair:1)
  5 plants
  A withered plant (D:15)
14 creatures vanquished.

Grand Total: 951 creatures vanquished

Notes
Turn   | Place    | Note
-------+----------+-------------------------------------------
     0 | D:1      | Murks the Troll Monk began the quest for the Orb.
     0 | D:1      | Reached XP level 1. HP: 22/22 MP: 0/0
    52 | D:1      | Reached XP level 2. HP: 29/29 MP: 1/1
   195 | D:1      | Reached skill level 4 in Unarmed Combat
   354 | D:1      | Reached XP level 3. HP: 33/36 MP: 2/2
   661 | D:2      | Found a snail-covered altar of Cheibriados.
   661 | D:2      | Noticed Terence
   675 | D:2      | Killed Terence
   675 | D:2      | Reached skill level 5 in Unarmed Combat
   675 | D:2      | Reached XP level 4. HP: 32/44 MP: 3/3
  1258 | D:2      | Reached XP level 5. HP: 50/50 MP: 4/4
  1854 | D:3      | Reached skill level 6 in Unarmed Combat
  1865 | D:3      | You fall through a shaft!
  2487 | D:4      | Found a staircase to the Ecumenical Temple.
  2505 | D:4      | Reached XP level 6. HP: 58/59 MP: 5/5
  2532 | Temple   | Entered the Ecumenical Temple
  2645 | D:4      | Reached skill level 7 in Unarmed Combat
  2703 | D:4      | Noticed an orc warrior
  2881 | D:4      | Killed an orc warrior
  2924 | D:4      | Reached skill level 8 in Unarmed Combat
  2924 | D:4      | Reached XP level 7. HP: 26/66 MP: 6/6
  3123 | D:4      | Found a glowing silver altar of Zin.
  3396 | D:4      | Noticed Natasha
  3406 | D:4      | Killed Natasha
  3506 | D:4      | Noticed Natasha
  3549 | D:4      | Killed Natasha
  3567 | D:4      | Noticed Natasha
  3575 | D:4      | Killed Natasha
  3586 | D:5      | Entered Level 5 of the Dungeon
  3589 | D:5      | Found a bloodstained altar of Trog.
  3599 | D:5      | Noticed Sigmund
  3603 | D:5      | Killed Sigmund
  3603 | D:5      | Reached skill level 9 in Unarmed Combat
  3859 | D:5      | Reached XP level 8. HP: 63/74 MP: 7/7
  3893 | D:5      | Reached skill level 10 in Unarmed Combat
  4480 | D:6      | Noticed Menkaure
  4494 | D:6      | Killed Menkaure
  4619 | D:6      | Reached skill level 11 in Unarmed Combat
  4690 | D:6      | Found a deep blue altar of Sif Muna.
  4792 | D:6      | Noticed Eustachio
  4828 | D:6      | Killed Eustachio
  4904 | D:6      | Noticed Pikel
  4916 | D:6      | Killed Pikel
  4916 | D:6      | Reached skill level 12 in Unarmed Combat
  4916 | D:6      | Reached XP level 9. HP: 62/80 MP: 8/8
  4992 | D:6      | Noticed Blork the orc
  4993 | D:6      | Found a hide-covered altar of Uskayaw.
  4995 | D:6      | Killed Blork the orc
  5397 | D:7      | Found an ornate altar of the Wu Jian Council.
  5528 | D:7      | Found a flagged portal.
  5528 | D:7      | Noticed Harold
  5551 | Bailey   | Entered a bailey
  5828 | Bailey   | Noticed an orc knight
  5838 | Bailey   | Reached skill level 1 in Shields
  5838 | Bailey   | Reached skill level 13 in Unarmed Combat
  5884 | Bailey   | Killed an orc knight
  5944 | Bailey   | Found a burning altar of Makhleb.
  6052 | D:7      | Killed Harold
  6052 | D:7      | Reached XP level 10. HP: 47/94 MP: 9/9
  6685 | D:7      | Found a sacrificial altar of Ru.
  6685 | D:7      | Found a radiant altar of Vehumet.
  6689 | D:7      | Became a worshipper of Ru the Awakened
  6690 | D:7      | Gained mutation: You cannot study or cast Poison magic. [Ru
                  | sacrifice]
  6690 | D:7      | Gained mutation: You cannot study or cast Necromancy magic.
                  | [Ru sacrifice]
  6690 | D:7      | Gained mutation: You cannot study or cast Conjurations
                  | magic. [Ru sacrifice]
  6690 | D:7      | Reached * piety under Ru
  6739 | D:7      | Reached skill level 5 in Fighting
  7099 | D:8      | Found a staircase to the Lair.
  7159 | D:8      | Reached skill level 5 in Shields
  7484 | D:8      | Noticed Joseph
  7500 | D:8      | Killed Joseph
  8032 | D:9      | Found a glowing golden altar of the Shining One.
  8495 | D:9      | Found an opulent altar of Gozag.
  8581 | D:9      | Reached XP level 11. HP: 64/105 MP: 10/10
  8693 | D:9      | Gained mutation: You are somewhat inexperienced. (-2 XL)
                  | [Ru sacrifice]
  8693 | D:9      | Reached XP level 10. HP: 98/98 MP: 18/18
  8693 | D:9      | Reached XP level 9. HP: 89/89 MP: 17/17
  8693 | D:9      | Reached ** piety under Ru
  8693 | D:9      | Reached *** piety under Ru
  8839 | D:10     | Entered Level 10 of the Dungeon
  8879 | D:10     | Found a shattered altar of Ashenzari.
  8911 | D:10     | Found an iron altar of Okawaru.
  9078 | D:10     | Found a staircase to the Orcish Mines.
  9604 | Orc:1    | Entered Level 1 of the Orcish Mines
  9632 | D:11     | Noticed a troll
  9641 | D:11     | Killed a troll
  9880 | D:11     | Found a sacrificial altar of Ru.
 10245 | D:11     | Reached XP level 10. HP: 86/98 MP: 9/9
 10556 | Lair:1   | Entered Level 1 of the Lair of Beasts
 10567 | Lair:1   | Noticed a spiny frog
 10586 | Lair:1   | Killed a spiny frog
 10809 | Lair:1   | Noticed a black mamba
 10822 | Lair:1   | Killed a black mamba
 10942 | Lair:1   | Noticed a five-headed hydra
 11054 | Lair:1   | Killed a 19-headed hydra
 11140 | Lair:1   | Gained mutation: You are hated by all. [Ru sacrifice]
 11140 | Lair:1   | Reached **** piety under Ru
 11140 | Lair:1   | Reached ***** piety under Ru
 11364 | Lair:1   | Noticed an oklob plant
 11432 | Lair:1   | Noticed a black mamba
 11441 | Lair:1   | Killed a black mamba
 11441 | Lair:1   | Reached XP level 11. HP: 105/105 MP: 10/10
 11730 | Lair:2   | Reached skill level 14 in Unarmed Combat
 11757 | Lair:2   | Noticed Fannar
 11787 | Lair:2   | Killed Fannar
 11892 | Lair:2   | Found a staircase to the Shoals.
 12008 | Lair:2   | Reached skill level 10 in Shields
 12602 | Lair:3   | Found a hole to the Spider Nest.
 12606 | Lair:3   | Reached skill level 15 in Unarmed Combat
 12834 | Lair:3   | Noticed Nergalle
 12841 | Lair:3   | Reached XP level 12. HP: 109/115 MP: 11/11
 12867 | Lair:3   | Killed Nergalle
 13577 | Lair:4   | Found the macabre finger necklace {rN+}
 13719 | Lair:4   | Noticed a six-headed hydra
 13731 | Lair:4   | Killed a 13-headed hydra
 13777 | Lair:4   | Reached skill level 16 in Unarmed Combat
 14866 | Lair:5   | Noticed a four-headed hydra
 14887 | Lair:5   | Killed a 12-headed hydra
 14924 | Lair:5   | Noticed an eight-headed hydra
 14933 | Lair:5   | Killed an eight-headed hydra
 15283 | Lair:5   | Noticed a death yak
 15285 | Lair:5   | Noticed a death yak
 15302 | Lair:5   | Killed a death yak
 15302 | Lair:5   | Reached XP level 13. HP: 101/127 MP: 12/12
 15341 | Lair:5   | Reached skill level 17 in Unarmed Combat
 15607 | Lair:6   | Entered Level 6 of the Lair of Beasts
 15669 | Lair:6   | Noticed Snorg
 15687 | Lair:6   | Killed Snorg
 16022 | Lair:6   | Noticed a fire dragon
 16055 | Lair:6   | Killed a fire dragon
 16151 | Lair:6   | Identified the +0 robe "Goenuts" {Str+5} (You found it on
                  | level 6 of the Lair of Beasts)
 16259 | Lair:6   | Reached skill level 18 in Unarmed Combat
 16289 | Lair:6   | Noticed a fire dragon
 16303 | Lair:6   | Killed a fire dragon
 16464 | Lair:6   | Found a staircase to the Slime Pits.
 17222 | Orc:1    | Found a roughly hewn altar of Beogh.
 17327 | Orc:2    | Entered Level 2 of the Orcish Mines
 17458 | Orc:2    | Noticed Rupert
 17527 | Orc:2    | Killed Rupert
 17527 | Orc:2    | Reached XP level 14. HP: 69/140 MP: 4/13
 17868 | Orc:2    | Found a staircase to the Elven Halls.
 18122 | Orc:1    | Noticed an orc warlord
 18138 | Orc:1    | Killed an orc warlord
 18467 | Orc:1    | Reached skill level 10 in Fighting
 18540 | Orc:1    | Found a roughly hewn altar of Beogh.
 19009 | Orc:2    | Found a roughly hewn altar of Beogh.
 19097 | Orc:2    | Found Hennubov's Weapon Emporium.
 19097 | Orc:2    | Found Gadovedgh's Jewellery Emporium.
 19097 | Orc:2    | Found Seemeniy's General Store.
 19100 | Orc:2    | Found Adylil's Food Shoppe.
 19116 | Orc:2    | Bought a +5 ring of evasion for 715 gold pieces
 19116 | Orc:2    | Bought an uncursed ring of protection from cold for 325
                  | gold pieces
 19122 | Orc:2    | Bought a scroll of blinking for 112 gold pieces
 19122 | Orc:2    | Bought 2 scrolls of teleportation for 90 gold pieces
 19122 | Orc:2    | Bought a scroll of magic mapping for 52 gold pieces
 19122 | Orc:2    | Bought a scroll of identify for 30 gold pieces
 19122 | Orc:2    | Bought a scroll of identify for 30 gold pieces
 19481 | D:12     | You fall through a shaft!
 19520 | D:13     | Found Fanur's Food Shoppe.
 20413 | D:13     | Reached skill level 19 in Unarmed Combat
 20528 | D:13     | Found Yhaa's Armour Boutique.
 20822 | D:13     | Reached skill level 1 in Armour
 21486 | D:14     | You fall through a shaft!
 21486 | D:15     | Entered Level 15 of the Dungeon
 21497 | D:15     | Gained mutation: Your casting is slightly disrupted. [Ru
                  | sacrifice]
 21892 | D:15     | Reached XP level 15. HP: 67/149 MP: 14/14
 22022 | D:15     | Found a staircase to the Depths.
 22311 | D:15     | Noticed Agnes
 22342 | D:15     | Killed Agnes
 22630 | D:15     | Noticed Josephine
 22637 | D:15     | Killed Josephine
 22910 | D:14     | Reached skill level 20 in Unarmed Combat
 23123 | D:14     | Found a gate to the Vaults.
 23504 | Shoals:1 | Entered Level 1 of the Shoals
 24560 | Shoals:2 | Found a transporter.
 24560 | Shoals:2 | Found a transporter.
 24566 | Shoals:2 | Found a bloodstained altar of Trog.
 24566 | Shoals:2 | Identified the +8 trident "Cyst" {chaos, rPois Str-3 Int-2
                  | Stlth+}
 24566 | Shoals:2 | Noticed harness's ghost (journeyman DEIE)
 24574 | Shoals:2 | Identified the +10 trident of the Wilderness {elec, Stlth+}
 24595 | Shoals:2 | Reached skill level 1 in Evocations
 24603 | Shoals:2 | Killed harness's ghost
 25413 | Shoals:2 | Reached XP level 16. HP: 162/162 MP: 16/16
 25418 | Shoals:3 | Noticed Kirke
 25432 | Shoals:3 | Killed Kirke
 25819 | Shoals:3 | HP: 7/162 [merfolk/+0 trident (12)]
 25824 | Shoals:3 | Slain by a merfolk impaler

Skill      XL: |  1  2  3  4  5  6  7  8  9 10 11 12 13 14 15 |
---------------+----------------------------------------------+-----
Unarmed Combat | 4 5 6 8 9 12 13 15 16 18 19 20 | 20.3
Shields        | 8 9 10 11 | 11.7
Fighting       | 4 6 8 9 10 11 | 11.2
Armour         | 2 4 |  4.0
Dodging        | 3 4 |  4.0
Evocations     | 2 |  2.4
Stealth        | |  1.0

Action                   |  1- 3 |  4- 6 |  7- 9 | 10-12 | 13-15 | 16-18 || total
-------------------------+-------+-------+-------+-------+-------+-------++-------
Melee: Unarmed           |    62 |   167 |   418 |   888 |  1458 |    47 ||  3040
       Punch             |       |     6 |     8 |       |       |       ||    14
Throw: Stone             |       |    32 |   105 |       |       |       ||   137
       Javelin           |       |       |     6 |    12 |       |       ||    18
       Tomahawk          |       |       |    26 |    11 |    19 |       ||    56
       Throwing net      |       |       |       |     6 |     1 |       ||     7
       Large rock        |       |       |       |       |     7 |       ||     7
Invok: Sacrifice Experie |       |       |     1 |       |       |       ||     1
       Draw Out Power    |       |       |       |     2 |     1 |     1 ||     4
       Sacrifice Love    |       |       |       |     1 |       |       ||     1
       Sacrifice Arcana  |       |       |       |     1 |       |       ||     1
       Apocalypse        |       |       |       |       |     4 |     1 ||     5
       Reject Sacrifices |       |       |       |       |     2 |       ||     2
       Sacrifice Essence |       |       |       |       |     1 |       ||     1
Evoke: Wand              |       |       |     1 |    10 |     2 |       ||    13
  Use: Potion            |     1 |     1 |     9 |     6 |     1 |     5 ||    23
       Scroll            |       |     4 |     5 |     8 |    16 |       ||    33
 Stab: Sleeping          |     4 |     1 |     9 |     5 |       |       ||    19
       Held in net/web   |       |       |       |     5 |     3 |       ||     8
       Distracted        |       |       |       |     3 |     6 |       ||     9
       Paralysed         |       |       |       |     2 |    10 |     1 ||    13
       Invisible         |       |       |       |     2 |     8 |     1 ||    11
       Petrifying        |       |       |       |     1 |       |       ||     1
       Confused          |       |       |       |       |     2 |       ||     2
  Eat: Chunk             |     4 |    25 |    38 |    75 |    93 |     6 ||   241
       Ration            |     1 |       |       |       |       |       ||     1
Armor: Robe              |    11 |    54 |    79 |    31 |       |       ||   175
       Troll leather arm |       |       |     5 |    81 |    29 |       ||   115
       Fire dragon scale |       |       |       |       |   240 |    41 ||   281
Dodge: Dodged            |    28 |    92 |   157 |   362 |   459 |    77 ||  1175
Block: Shield            |       |       |   109 |   337 |   577 |    84 ||  1107
